Quebec Remparts vs Sarnia Sailors

Created - Monday, August 11, 2025 at 07:36

Goals
1 2 3 T
Quebec Remparts 2 3 3 8
Sarnia Sailors 1 0 1 2
Shots
1 2 3 T
Quebec Remparts 8 16 15 39
Sarnia Sailors 11 17 14 42

1st period

1. Quebec Remparts , Kirby Dach 4 (Paul Cotter 1, Victor Olofsson 4) at 9:05
2. Sarnia Sailors , Zachary L'Heureux 4 (Jesse Puljujarvi 5, Rory Kerins 3) at 10:48
3. Quebec Remparts , Paul Cotter 4 (Kirby Dach 3) at 12:32 (SH)

Penalties :
Cole Reinhardt (SAR) for Hooking (Minor) at 0:31, Marc Staal (QUE) for High sticking (Minor) at 12:25, Jorian Donovan (QUE) for Delaying the game (Minor) at 18:43

2nd period

4. Quebec Remparts , Nick Cousins 1 (Bradly Nadeau 2, Brandt Clarke 2) at 10:47
5. Quebec Remparts , Bradly Nadeau 1 (Calvin de Haan 5, Brandt Clarke 3) at 16:49
6. Quebec Remparts , Adam Gaudette 6 (Kevin Rooney 5, Fraser Minten 3) at 17:27 (PP)

Penalties :
Marc Staal (QUE) for Holding (Minor) at 3:50, Ethan Del Mastro (QUE) for Tripping (Minor) at 8:18, Skyler Brind'Amour (SAR) for Hooking (Minor) at 17:08, Nikolas Matinpalo (SAR) for Fighting (Major) at 19:54, Bradly Nadeau (QUE) for Fighting (Major) at 19:54

3rd period

7. Quebec Remparts , Artem Duda 1 (Paul Cotter 2, Kirby Dach 4) at 1:53 (PP)
8. Sarnia Sailors , Arthur Kaliyev 6 (Brad Lambert 9) at 2:36 (PP)
9. Quebec Remparts , Dalibor Dvorsky 2 (Brandt Clarke 4) at 10:40
10. Quebec Remparts , Maros Jedlicka 1 (Dalibor Dvorsky 2) at 19:30

Penalties :
Zachary L'Heureux (SAR) for Tripping (Minor) at 1:49, Jorian Donovan (QUE) for Tripping (Minor) at 2:32, Tyson Hinds (SAR) for Fighting (Major) at 7:25, Kirby Dach (QUE) for Fighting (Major) at 7:25, Brandt Clarke (QUE) for Interference (Minor) at 7:30

Goalie Stats

Devon Levi (QUE), 40 saves from 42 shots - (0.952), W, 3-1-0, 60:00 minutes
Sebastian Cossa (SAR), 31 saves from 39 shots - (0.795), L, 4-1-0, 60:00 minutes

Players Stats for Quebec Remparts

Player Name              G  A  P  +/- PIM S  H  SB GA TA FO     MP     PP MP  PK MP  
------------------------------------------------------------------------------------
                         0  0  0   0  0   0  0  0  0  0  0/0     0:00   0:00   0:00 
Adam Gaudette            1  0  1   0  0   4  1  0  1  0  2/2    20:31   1:14   4:56 
Artem Duda               1  0  1   1  0   2  0  2  0  0  0/0    20:39   1:10   4:51 
Bradly Nadeau            1  1  2   1  5   2  2  0  0  0  0/0     9:51   0:00   0:07 
Brandt Clarke            0  3  3   5  2   0  0  4  0  0  0/0    25:48   1:12   3:51 
Calvin de Haan           0  1  1   5  0   2  1  1  0  1  0/0    27:06   1:12   5:08 
Dalibor Dvorsky          1  1  2   2  0   1  1  0  0  0  0/4     7:44   0:00   0:00 
Ethan Del Mastro         0  0  0   1  2   2  2  1  0  0  0/0    20:03   1:10   3:48 
Fraser Minten            0  1  1   0  0   2  2  0  2  0  2/4    14:32   1:14   0:00 
Jordan Dumais            0  0  0   2  0   1  1  0  0  1  0/0     7:44   0:00   0:00 
Jorian Donovan           0  0  0  -1  4   0  1  1  0  0  0/0    12:48   0:00   0:33 
Kevin Rooney             0  1  1   0  0   1  2  0  0  0  7/14   14:32   1:14   0:00 
Kirby Dach               1  2  3   2  5   7  1  0  0  0  13/25  18:30   1:08   4:10 
Marc Staal               0  0  0  -1  4   1  0  0  0  0  0/0    14:53   0:00   1:47 
Maros Jedlicka           1  0  1   2  0   1  0  0  0  0  0/0     7:44   0:00   0:00 
Nick Cousins             1  0  1   1  0   2  0  2  1  0  4/16   12:40   0:00   0:07 
Paul Cotter              1  2  3   2  0   4  0  0  0  0  1/2    21:53   1:08   4:56 
Sam Lafferty             0  0  0   1  0   2  2  1  2  0  0/1    12:16   0:00   0:46 
Victor Olofsson          0  1  1   1  0   5  0  0  1  0  5/10   20:39   1:08   4:56 

Players Stats for Sarnia Sailors

Player Name              G  A  P  +/- PIM S  H  SB GA TA FO     MP     PP MP  PK MP  
------------------------------------------------------------------------------------
                         0  0  0   0  0   0  0  0  0  0  0/0     0:00   0:00   0:00 
Adam Ginning             0  0  0  -2  0   0  1  3  0  1  0/0    19:33   3:04   0:48 
Arthur Kaliyev           1  0  1  -1  0   7  2  1  0  0  1/4    22:33   5:53   0:00 
Brad Lambert             0  1  1  -1  0   4  1  1  0  0  20/42  22:46   5:56   0:09 
Cole Reinhardt           0  0  0   0  2   1  1  0  0  0  0/0    10:23   0:00   0:00 
Declan Chisholm          0  0  0  -1  0   6  3  0  0  0  0/0    29:42   6:55   1:34 
Erik Brannstrom          0  0  0  -3  0   0  0  5  0  1  0/0    15:03   0:55   0:19 
Jeremie Poirier          0  0  0  -2  0   0  0  2  0  1  0/0    12:21   0:00   0:00 
Jesse Puljujarvi         0  1  1   0  0   8  1  2  0  0  1/1    17:40   4:03   0:00 
Landon Slaggert          0  0  0   0  0   0  0  0  0  0  0/0    11:10   0:00   0:46 
Logan Morrison           0  0  0   0  0   6  0  0  0  0  7/8    11:34   0:00   1:11 
Nathan Gaucher           0  0  0  -4  0   3  1  0  0  2  1/1     7:01   0:03   0:00 
Nikolas Matinpalo        0  0  0  -1  5   1  2  6  0  1  0/0    24:26   6:51   1:30 
Rory Kerins              0  1  1   0  0   0  1  0  1  0  11/17  19:01   4:03   1:21 
Samuel Walker            0  0  0  -4  0   1  0  0  0  0  1/1     6:58   0:00   0:00 
Skyler Brind'Amour       0  0  0  -1  2   2  1  0  0  0  2/2    23:37   5:56   1:02 
Tristen Nielsen          0  0  0  -4  0   0  0  1  0  1  0/0     6:58   0:00   0:00 
Tyson Hinds              0  0  0  -1  5   0  2  1  0  0  0/0    19:08   2:13   0:48 
Zachary L'Heureux        1  0  1   0  2   3  4  0  1  0  0/2    17:39   4:03   0:00 

3 Stars

1 - Brandt Clarke (QUE)
2 - Paul Cotter (QUE)
3 - Devon Levi (QUE)

Power Play

Quebec Remparts - 2 on 3 Attempt(s) - 66.67%
Sarnia Sailors - 1 on 6 Attempt(s) - 16.67%

Penalty Kill

Quebec Remparts - 5 on 6 Attempt(s) - 83.33% - Score 1 goal in Penalty Kill
Sarnia Sailors - 1 on 3 Attempt(s) - 33.33% - Score 0 goal in Penalty Kill

Team Stat

Quebec Remparts - Hits : 16 - Faceoff Wins : 34 - Blocked Shots : 12 - Penalty Minutes : 22
Sarnia Sailors - Hits : 20 - Faceoff Wins : 44 - Blocked Shots : 22 - Penalty Minutes : 16

Official

Referees : Dan O'Rourke and Mitch Dunning
Linesman : Justin Johnson and Ryan Jackson

Game Notes

Nikolas Matinpalo beats up Bradly Nadeau at 19:54 of 2nd period
Tyson Hinds beats up Kirby Dach at 7:25 of 3rd period

Quebec Remparts

5 vs 5 Forward 
   Center                   Left Wing                Right Wing               Time % Phy DF OF 
 1 Kirby Dach               Paul Cotter              Victor Olofsson          30     1   2  2  
 2 Kevin Rooney             Fraser Minten            Adam Gaudette            30     1   2  2  
 3 Nick Cousins             Bradly Nadeau            Sam Lafferty             25     1   2  2  
 4 Dalibor Dvorsky          Maros Jedlicka           Jordan Dumais            15     1   2  2  

5 vs 5 Defense 
   Defense                  Defense                                           Time % Phy DF OF 
 1 Calvin de Haan           Brandt Clarke                                     30     1   2  2  
 2 Ethan Del Mastro         Artem Duda                                        30     1   2  2  
 3 Jorian Donovan           Marc Staal                                        25     1   2  2  
 4 Calvin de Haan           Brandt Clarke                                     15     1   2  2  

PowerPlay Forward 
   Center                   Left Wing                Right Wing               Time % Phy DF OF 
 1 Kirby Dach               Paul Cotter              Victor Olofsson          50     1   2  2  
 2 Kevin Rooney             Fraser Minten            Adam Gaudette            50     1   2  2  

PowerPlay Defense
   Defense                  Defense                                           Time % Phy DF OF 
 1 Calvin de Haan           Brandt Clarke                                     50     1   2  2  
 2 Ethan Del Mastro         Artem Duda                                        50     1   2  2  

Penalty Kill 4 Players Forward 
   Center                   Wing                     Time % Phy DF OF 
 1 Kirby Dach               Paul Cotter              50     1   2  2  
 2 Victor Olofsson          Adam Gaudette            50     1   2  2  

Penalty Kill 4 Players Defense
   Defense                  Defense                  Time % Phy DF OF 
 1 Calvin de Haan           Brandt Clarke            50     1   2  2  
 2 Ethan Del Mastro         Artem Duda               50     1   2  2  

Penalty Kill - 3 Players Forward 
   Forward                                           Time % Phy DF OF 
 1 Kirby Dach                                        50     1   2  2  
 2 Paul Cotter                                       50     1   2  2  

Penalty Kill - 3 Players Defense
   Defense                  Defense                  Time % Phy DF OF 
 1 Calvin de Haan           Brandt Clarke            50     1   2  2  
 2 Ethan Del Mastro         Artem Duda               50     1   2  2  

4 vs 4 Forward 
   Center                   Wing                     Time % Phy DF OF 
 1 Kirby Dach               Paul Cotter              50     1   2  2  
 2 Victor Olofsson          Adam Gaudette            50     1   2  2  

4 vs 4 Defense
   Defense                  Defense                  Time % Phy DF OF 
 1 Calvin de Haan           Brandt Clarke            50     1   2  2  
 2 Ethan Del Mastro         Artem Duda               50     1   2  2  

Last Minutes Offensive
   Center                   Left Wing                Right Wing               Defense                  Defense                  
   Kirby Dach               Paul Cotter              Victor Olofsson          Calvin de Haan           Brandt Clarke            

Last Minutes Defensive
   Center                   Left Wing                Right Wing               Defense                  Defense                  
   Kirby Dach               Paul Cotter              Victor Olofsson          Calvin de Haan           Brandt Clarke            

Goaltenders
Starting : Devon Levi               
Backup : Jacob Fowler             

Extra Forwards
Normal : Nick Cousins, Bradly Nadeau, Sam Lafferty - PP : Nick Cousins, Bradly Nadeau - PK : Sam Lafferty
Extra Defensemen
Normal : Jorian Donovan, Marc Staal, Ethan Del Mastro - PP : Jorian Donovan - PK : Marc Staal, Ethan Del Mastro
Penalty Shots
Kirby Dach, Paul Cotter, Victor Olofsson, Adam Gaudette, Kevin Rooney

Scratches
Artur Akhtyamov (Healthy)

Sarnia Sailors

5 vs 5 Forward 
   Center                   Left Wing                Right Wing               Time % Phy DF OF 
 1 Brad Lambert             Skyler Brind'Amour       Arthur Kaliyev           40     2   1  2  
 2 Rory Kerins              Zachary L'Heureux        Jesse Puljujarvi         30     2   1  2  
 3 Logan Morrison           Landon Slaggert          Cole Reinhardt           20     1   2  2  
 4 Nathan Gaucher           Tristen Nielsen          Samuel Walker            10     2   1  2  

5 vs 5 Defense 
   Defense                  Defense                                           Time % Phy DF OF 
 1 Nikolas Matinpalo        Declan Chisholm                                   40     1   2  2  
 2 Tyson Hinds              Adam Ginning                                      30     2   1  2  
 3 Erik Brannstrom          Jeremie Poirier                                   20     2   2  1  
 4 Tyson Hinds              Declan Chisholm                                   10     1   2  2  

PowerPlay Forward 
   Center                   Left Wing                Right Wing               Time % Phy DF OF 
 1 Brad Lambert             Skyler Brind'Amour       Arthur Kaliyev           60     0   1  4  
 2 Rory Kerins              Zachary L'Heureux        Jesse Puljujarvi         40     0   1  4  

PowerPlay Defense
   Defense                  Defense                                           Time % Phy DF OF 
 1 Nikolas Matinpalo        Declan Chisholm                                   60     1   1  3  
 2 Tyson Hinds              Adam Ginning                                      40     2   1  2  

Penalty Kill 4 Players Forward 
   Center                   Wing                     Time % Phy DF OF 
 1 Rory Kerins              Skyler Brind'Amour       60     2   2  1  
 2 Logan Morrison           Landon Slaggert          40     2   2  1  

Penalty Kill 4 Players Defense
   Defense                  Defense                  Time % Phy DF OF 
 1 Nikolas Matinpalo        Declan Chisholm          60     2   1  2  
 2 Tyson Hinds              Adam Ginning             40     2   2  1  

Penalty Kill - 3 Players Forward 
   Forward                                           Time % Phy DF OF 
 1 Rory Kerins                                       60     2   2  1  
 2 Zachary L'Heureux                                 40     2   2  1  

Penalty Kill - 3 Players Defense
   Defense                  Defense                  Time % Phy DF OF 
 1 Nikolas Matinpalo        Declan Chisholm          60     2   1  2  
 2 Tyson Hinds              Adam Ginning             40     2   2  1  

4 vs 4 Forward 
   Center                   Wing                     Time % Phy DF OF 
 1 Brad Lambert             Skyler Brind'Amour       60     2   1  2  
 2 Rory Kerins              Zachary L'Heureux        40     2   1  2  

4 vs 4 Defense
   Defense                  Defense                  Time % Phy DF OF 
 1 Nikolas Matinpalo        Declan Chisholm          60     1   2  2  
 2 Tyson Hinds              Adam Ginning             40     2   1  2  

Last Minutes Offensive
   Center                   Left Wing                Right Wing               Defense                  Defense                  
   Brad Lambert             Zachary L'Heureux        Arthur Kaliyev           Nikolas Matinpalo        Declan Chisholm          

Last Minutes Defensive
   Center                   Left Wing                Right Wing               Defense                  Defense                  
   Brad Lambert             Zachary L'Heureux        Arthur Kaliyev           Nikolas Matinpalo        Declan Chisholm          

Goaltenders
Starting : Sebastian Cossa          
Backup : Remi Poirier             

Extra Forwards
Normal : Logan Morrison, Landon Slaggert, Cole Reinhardt - PP : Nathan Gaucher, Tristen Nielsen - PK : Logan Morrison
Extra Defensemen
Normal : Erik Brannstrom, Jeremie Poirier, Nikolas Matinpalo - PP : Erik Brannstrom - PK : Erik Brannstrom, Jeremie Poirier
Penalty Shots
Brad Lambert, Skyler Brind'Amour, Arthur Kaliyev, Jesse Puljujarvi, Rory Kerins

Scratches
Jack Rathbone (Healthy), Daniel Torgersson (Healthy), Tyler Boucher (Healthy), Lucas Edmonds (Healthy), Ethan Edwards (Healthy)
Jett Woo (Healthy), Dylan Ferguson (Healthy)

% Time on Ice - Quebec Remparts

Lines # - Real PCT - Wanted PCT - Time Play
Normal Forward
1 - 30% - 30% - 14:18
2 - 30% - 30% - 14:21
3 - 24% - 25% - 11:16
4 - 16% - 15% - 7:44
Normal Defense
1 - 31% - 30% - 14:45
2 - 31% - 30% - 14:38
3 - 26% - 25% - 12:15
4 - 13% - 15% - 6:01
PP Forward
1 - 48% - 50% - 1:08
2 - 52% - 50% - 1:14
PP Defense
1 - 51% - 50% - 1:12
2 - 49% - 50% - 1:10
PK Forward
1 - 51% - 50% - 5:03
2 - 49% - 50% - 4:56
PK Defense
1 - 51% - 50% - 5:08
2 - 49% - 50% - 4:51
PK3 Forward
1 - 0% - 50%
2 - 0% - 50%
PK3 Defense
1 - 0% - 50%
2 - 0% - 50%
44 Forward
1 - 0% - 50%
2 - 0% - 50%
44 Defense
1 - 0% - 50%
2 - 0% - 50%
Last Minute Offensive  - 0:00
Last Minute Defensive  - 0:00
Total
Forward - 60:00
Defense - 60:00

% Time on Ice - Sarnia Sailors

Lines # - Real PCT - Wanted PCT - Time Play
Normal Forward
1 - 35% - 40% - 16:40
2 - 29% - 30% - 13:38
3 - 22% - 20% - 10:23
4 - 15% - 10% - 6:58
Normal Defense
1 - 40% - 40% - 19:17
2 - 33% - 30% - 15:41
3 - 23% - 20% - 10:45
4 - 4% - 10% - 1:56
PP Forward
1 - 59% - 60% - 5:56
2 - 41% - 40% - 4:03
PP Defense
1 - 69% - 60% - 6:55
2 - 31% - 40% - 3:04
PK Forward
1 - 68% - 60% - 1:36
2 - 32% - 40% - 0:46
PK Defense
1 - 66% - 60% - 1:34
2 - 34% - 40% - 0:48
PK3 Forward
1 - 0% - 60%
2 - 0% - 40%
PK3 Defense
1 - 0% - 60%
2 - 0% - 40%
44 Forward
1 - 0% - 60%
2 - 0% - 40%
44 Defense
1 - 0% - 60%
2 - 0% - 40%
Last Minute Offensive  - 0:00
Last Minute Defensive  - 0:00
Total
Forward - 60:00
Defense - 60:00

Play-by-Play

1st period


0:01 of 1st period - Kirby Dach wins face-off versus Brad Lambert in neutral zone.
0:12 of 1st period - Wrist shot by Paul Cotter.
0:12 of 1st period - Stopped by Sebastian Cossa without a rebound.
0:13 of 1st period - Kevin Rooney wins face-off versus Rory Kerins in Sarnia Sailors zone.
0:22 of 1st period - Wrist shot by Fraser Minten.
0:22 of 1st period - Shot Misses the Net.
0:24 of 1st period - Snap shot by Kevin Rooney.
0:24 of 1st period - Shot Blocked by Tyson Hinds.
0:26 of 1st period - Snap shot by Kevin Rooney.
0:26 of 1st period - Shot Misses the Net.
0:28 of 1st period - Snap shot by Kevin Rooney.
0:28 of 1st period - Stopped by Sebastian Cossa without a rebound.
0:29 of 1st period - Logan Morrison wins face-off versus Nick Cousins in Sarnia Sailors zone.
0:31 of 1st period - Minor Penalty to Cole Reinhardt for Hooking.
0:32 of 1st period - Kirby Dach wins face-off versus Rory Kerins in Sarnia Sailors zone.
0:46 of 1st period - Slapshot by Skyler Brind'Amour.
0:46 of 1st period - Shot Misses the Net.
2:31 of 1st period - Penalty to Cole Reinhardt is over, Cole Reinhardt is back on ice.
2:41 of 1st period - Snap shot by Tristen Nielsen.
2:41 of 1st period - Deflect By Nathan Gaucher.
2:41 of 1st period - Stopped by Devon Levi without a rebound.
2:42 of 1st period - Samuel Walker wins face-off versus Nick Cousins in Quebec Remparts zone.
3:05 of 1st period - Erik Brannstrom is hit by Jorian Donovan and loses puck.
3:28 of 1st period - Off-side.
3:29 of 1st period - Brad Lambert wins face-off versus Kirby Dach in neutral zone.
3:31 of 1st period - Off-side.
3:32 of 1st period - Brad Lambert wins face-off versus Kirby Dach in neutral zone.
3:41 of 1st period - Wrist shot by Brad Lambert.
3:41 of 1st period - Shot Misses the Net.
3:43 of 1st period - Slapshot by Declan Chisholm.
3:43 of 1st period - Deflect By Paul Cotter.
3:43 of 1st period - Stopped by Devon Levi without a rebound.
3:44 of 1st period - Arthur Kaliyev wins face-off versus Fraser Minten in Quebec Remparts zone.
4:34 of 1st period - Backhand shot by Dalibor Dvorsky.
4:34 of 1st period - Shot Misses the Net.
4:51 of 1st period - Off-side.
4:52 of 1st period - Nick Cousins wins face-off versus Brad Lambert in neutral zone.
5:19 of 1st period - Fraser Minten is hit by Nikolas Matinpalo and loses puck.
5:26 of 1st period - Declan Chisholm is hit by Fraser Minten and loses puck.
5:42 of 1st period - Snap shot by Jesse Puljujarvi.
5:42 of 1st period - Stopped by Devon Levi with a rebound.
5:44 of 1st period - Snap shot by Nikolas Matinpalo.
5:44 of 1st period - Deflect By Jesse Puljujarvi.
5:44 of 1st period - Stopped by Devon Levi with a rebound.
6:32 of 1st period - Snap shot by Logan Morrison.
6:32 of 1st period - Stopped by Devon Levi without a rebound.
6:33 of 1st period - Logan Morrison wins face-off versus Fraser Minten in Quebec Remparts zone.
6:53 of 1st period - Slapshot by Adam Gaudette.
6:53 of 1st period - Stopped by Sebastian Cossa without a rebound.
6:54 of 1st period - Kirby Dach wins face-off versus Brad Lambert in Sarnia Sailors zone.
7:51 of 1st period - Wrist shot by Kirby Dach.
7:51 of 1st period - Shot Misses the Net.
7:53 of 1st period - Snap shot by Victor Olofsson.
7:53 of 1st period - Shot Blocked by Jeremie Poirier.
7:59 of 1st period - Wrist shot by Victor Olofsson.
7:59 of 1st period - Shot Misses the Net.
8:05 of 1st period - Snap shot by Victor Olofsson.
8:05 of 1st period - Shot Blocked by Erik Brannstrom.
8:19 of 1st period - Wrist shot by Victor Olofsson.
8:19 of 1st period - Shot Misses the Net.
8:21 of 1st period - Snap shot by Paul Cotter.
8:21 of 1st period - Shot Blocked by Jeremie Poirier.
8:23 of 1st period - Slapshot by Calvin de Haan.
8:23 of 1st period - Shot Blocked by Erik Brannstrom.
8:25 of 1st period - Slapshot by Calvin de Haan.
8:25 of 1st period - Shot Misses the Net.
8:27 of 1st period - Wrist shot by Victor Olofsson.
8:27 of 1st period - Stopped by Sebastian Cossa with a rebound.
8:29 of 1st period - Snap shot by Calvin de Haan.
8:29 of 1st period - Shot Hit the Post.
8:31 of 1st period - Slapshot by Calvin de Haan.
8:31 of 1st period - Deflect By Tristen Nielsen.
8:31 of 1st period - Stopped by Sebastian Cossa with a rebound.
8:33 of 1st period - Slapshot by Calvin de Haan.
8:33 of 1st period - Shot Misses the Net.
8:35 of 1st period - Slapshot by Kirby Dach.
8:35 of 1st period - Shot Misses the Net.
8:37 of 1st period - Slapshot by Calvin de Haan.
8:37 of 1st period - Deflect By Kirby Dach.
8:37 of 1st period - Stopped by Sebastian Cossa with a rebound.
8:39 of 1st period - Wrist shot by Victor Olofsson.
8:39 of 1st period - Shot Blocked by Erik Brannstrom.
9:05 of 1st period - Wrist shot by Kirby Dach.
9:05 of 1st period - Goal by Kirby Dach - Quebec Remparts : 1 - Sarnia Sailors : 0.
9:06 of 1st period - Fraser Minten wins face-off versus Brad Lambert in neutral zone.
9:31 of 1st period - Artem Duda is hit by Zachary L'Heureux and loses puck.
9:36 of 1st period - Slapshot by Rory Kerins.
9:36 of 1st period - Shot Misses the Net.
9:38 of 1st period - Backhand shot by Tyson Hinds.
9:38 of 1st period - Shot Misses the Net.
9:40 of 1st period - Wrist shot by Jesse Puljujarvi.
9:40 of 1st period - Shot Blocked by Ethan Del Mastro.
9:57 of 1st period - Snap shot by Jordan Dumais.
9:57 of 1st period - Shot Misses the Net.
10:19 of 1st period - Kevin Rooney is hit by Tyson Hinds and loses puck.
10:36 of 1st period - Snap shot by Jesse Puljujarvi.
10:36 of 1st period - Shot Blocked by Nick Cousins.
10:38 of 1st period - Slapshot by Zachary L'Heureux.
10:38 of 1st period - Stopped by Devon Levi without a rebound.
10:39 of 1st period - Rory Kerins wins face-off versus Nick Cousins in Quebec Remparts zone.
10:42 of 1st period - Backhand shot by Jesse Puljujarvi.
10:42 of 1st period - Shot Misses the Net.
10:44 of 1st period - Snap shot by Rory Kerins.
10:44 of 1st period - Shot Misses the Net.
10:46 of 1st period - Wrist shot by Jesse Puljujarvi.
10:46 of 1st period - Shot Blocked by Nick Cousins.
10:48 of 1st period - Slapshot by Zachary L'Heureux.
10:48 of 1st period - Goal by Zachary L'Heureux - Quebec Remparts : 1 - Sarnia Sailors : 1.
10:49 of 1st period - Brad Lambert wins face-off versus Kevin Rooney in neutral zone.
11:02 of 1st period - Backhand shot by Arthur Kaliyev.
11:02 of 1st period - Stopped by Devon Levi with a rebound.
11:36 of 1st period - Icing by Logan Morrison.
11:37 of 1st period - Logan Morrison wins face-off versus Dalibor Dvorsky in Sarnia Sailors zone.
11:37 of 1st period - Logan Morrison is hit by Ethan Del Mastro.
12:10 of 1st period - Slapshot by Skyler Brind'Amour.
12:10 of 1st period - Deflect By Arthur Kaliyev.
12:10 of 1st period - Shot Misses the Net.
12:10 of 1st period - Puck is out of play.
12:11 of 1st period - Brad Lambert wins face-off versus Nick Cousins in Quebec Remparts zone.
12:25 of 1st period - Minor Penalty to Marc Staal for High sticking.
12:26 of 1st period - Kirby Dach wins face-off versus Brad Lambert in Quebec Remparts zone.
12:32 of 1st period - Slapshot by Paul Cotter.
12:32 of 1st period - Goal by Paul Cotter - Quebec Remparts : 2 - Sarnia Sailors : 1.
12:33 of 1st period - Victor Olofsson wins face-off versus Brad Lambert in neutral zone.
14:25 of 1st period - Penalty to Marc Staal is over, Marc Staal is back on ice.
14:35 of 1st period - Cole Reinhardt is hit by Ethan Del Mastro and loses puck.
14:55 of 1st period - Brandt Clarke is hit by Nathan Gaucher and loses puck.
15:02 of 1st period - Snap shot by Kirby Dach.
15:02 of 1st period - Deflect By Paul Cotter.
15:02 of 1st period - Shot Misses the Net.
15:02 of 1st period - Puck is out of play.
15:03 of 1st period - Logan Morrison wins face-off versus Nick Cousins in Sarnia Sailors zone.
15:30 of 1st period - Kevin Rooney is hit by Tyson Hinds and loses puck.
15:53 of 1st period - Icing by Maros Jedlicka.
15:54 of 1st period - Rory Kerins wins face-off versus Dalibor Dvorsky in Quebec Remparts zone.
15:55 of 1st period - Snap shot by Jesse Puljujarvi.
15:55 of 1st period - Shot Misses the Net.
16:03 of 1st period - Wrist shot by Jordan Dumais.
16:03 of 1st period - Deflect By Dalibor Dvorsky.
16:03 of 1st period - Shot Misses the Net.
16:03 of 1st period - Puck is out of play.
16:04 of 1st period - Fraser Minten wins face-off versus Rory Kerins in Sarnia Sailors zone.
16:17 of 1st period - Wrist shot by Fraser Minten.
16:17 of 1st period - Shot Misses the Net.
16:35 of 1st period - Snap shot by Brad Lambert.
16:35 of 1st period - Shot Blocked by Artem Duda.
17:17 of 1st period - Snap shot by Declan Chisholm.
17:17 of 1st period - Shot Misses the Net.
17:19 of 1st period - Slapshot by Declan Chisholm.
17:19 of 1st period - Shot Misses the Net.
17:21 of 1st period - Slapshot by Declan Chisholm.
17:21 of 1st period - Stopped by Devon Levi with a rebound.
17:42 of 1st period - Off-side.
17:43 of 1st period - Rory Kerins wins face-off versus Kevin Rooney in neutral zone.
18:20 of 1st period - Snap shot by Jesse Puljujarvi.
18:20 of 1st period - Stopped by Devon Levi without a rebound.
18:21 of 1st period - Brad Lambert wins face-off versus Kirby Dach in Quebec Remparts zone.
18:29 of 1st period - Slapshot by Nikolas Matinpalo.
18:29 of 1st period - Shot Hit the Post.
18:37 of 1st period - Backhand shot by Brad Lambert.
18:37 of 1st period - Shot Misses the Net.
18:43 of 1st period - Minor Penalty to Jorian Donovan for Delaying the game.
18:44 of 1st period - Victor Olofsson wins face-off versus Brad Lambert in Quebec Remparts zone.
18:44 of 1st period - Victor Olofsson is hit by Declan Chisholm.
18:58 of 1st period - Snap shot by Kirby Dach.
18:58 of 1st period - Shot Blocked by Arthur Kaliyev.
19:12 of 1st period - Snap shot by Jesse Puljujarvi.
19:12 of 1st period - Stopped by Devon Levi with a rebound.
Goals for this period are 2 for Quebec Remparts vs 1 for Sarnia Sailors.
Shots for this period are 8 for Quebec Remparts vs 11 for Sarnia Sailors.

2nd period


0:01 of 2nd period - Brad Lambert wins face-off versus Victor Olofsson in neutral zone.
0:33 of 2nd period - Paul Cotter is hit by Rory Kerins and loses puck.
0:43 of 2nd period - Penalty to Jorian Donovan is over, Jorian Donovan is back on ice.
0:50 of 2nd period - Slapshot by Logan Morrison.
0:50 of 2nd period - Stopped by Devon Levi with a rebound.
0:52 of 2nd period - Slapshot by Cole Reinhardt.
0:52 of 2nd period - Stopped by Devon Levi with a rebound.
0:56 of 2nd period - Wrist shot by Logan Morrison.
0:56 of 2nd period - Deflect By Landon Slaggert.
0:56 of 2nd period - Shot Misses the Net.
0:56 of 2nd period - Puck is out of play.
0:57 of 2nd period - Nick Cousins wins face-off versus Brad Lambert in Quebec Remparts zone.
1:13 of 2nd period - Slapshot by Brad Lambert.
1:13 of 2nd period - Stopped by Devon Levi without a rebound.
1:14 of 2nd period - Jesse Puljujarvi wins face-off versus Kevin Rooney in Quebec Remparts zone.
1:39 of 2nd period - Victor Olofsson is hit by Arthur Kaliyev and loses puck.
1:44 of 2nd period - Wrist shot by Arthur Kaliyev.
1:44 of 2nd period - Shot Blocked by Brandt Clarke.
1:46 of 2nd period - Snap shot by Brad Lambert.
1:46 of 2nd period - Shot Blocked by Brandt Clarke.
1:48 of 2nd period - Snap shot by Arthur Kaliyev.
1:48 of 2nd period - Deflect By Brad Lambert.
1:48 of 2nd period - Shot Misses the Net.
1:48 of 2nd period - Puck is out of play.
1:49 of 2nd period - Kevin Rooney wins face-off versus Brad Lambert in Quebec Remparts zone.
3:24 of 2nd period - Snap shot by Arthur Kaliyev.
3:24 of 2nd period - Stopped by Devon Levi with a rebound.
3:26 of 2nd period - Snap shot by Arthur Kaliyev.
3:26 of 2nd period - Shot Misses the Net.
3:28 of 2nd period - Slapshot by Declan Chisholm.
3:28 of 2nd period - Stopped by Devon Levi without a rebound.
3:29 of 2nd period - Rory Kerins wins face-off versus Kirby Dach in Quebec Remparts zone.
3:50 of 2nd period - Minor Penalty to Marc Staal for Holding.
3:51 of 2nd period - Victor Olofsson wins face-off versus Brad Lambert in Quebec Remparts zone.
4:02 of 2nd period - Slapshot by Brad Lambert.
4:02 of 2nd period - Deflect By Skyler Brind'Amour.
4:02 of 2nd period - Stopped by Devon Levi without a rebound.
4:03 of 2nd period - Kirby Dach wins face-off versus Brad Lambert in Quebec Remparts zone.
4:12 of 2nd period - Wrist shot by Kirby Dach.
4:12 of 2nd period - Stopped by Sebastian Cossa with a rebound.
4:14 of 2nd period - Wrist shot by Kirby Dach.
4:14 of 2nd period - Shot Misses the Net.
4:18 of 2nd period - Wrist shot by Kirby Dach.
4:18 of 2nd period - Stopped by Sebastian Cossa with a rebound.
4:20 of 2nd period - Slapshot by Artem Duda.
4:20 of 2nd period - Stopped by Sebastian Cossa with a rebound.
4:22 of 2nd period - Slapshot by Artem Duda.
4:22 of 2nd period - Deflect By Kirby Dach.
4:22 of 2nd period - Shot Blocked by Nikolas Matinpalo.
4:22 of 2nd period - Puck is out of play.
4:23 of 2nd period - Rory Kerins wins face-off versus Victor Olofsson in Sarnia Sailors zone.
5:02 of 2nd period - Slapshot by Brad Lambert.
5:02 of 2nd period - Stopped by Devon Levi without a rebound.
5:03 of 2nd period - Victor Olofsson wins face-off versus Arthur Kaliyev in Quebec Remparts zone.
5:50 of 2nd period - Penalty to Marc Staal is over, Marc Staal is back on ice.
5:55 of 2nd period - Wrist shot by Victor Olofsson.
5:55 of 2nd period - Shot Misses the Net.
6:36 of 2nd period - Brad Lambert is hit by Jordan Dumais and loses puck.
7:12 of 2nd period - Backhand shot by Logan Morrison.
7:12 of 2nd period - Stopped by Devon Levi with a rebound.
7:32 of 2nd period - Maros Jedlicka is hit by Skyler Brind'Amour.
7:35 of 2nd period - Off-side.
7:36 of 2nd period - Skyler Brind'Amour wins face-off versus Nick Cousins in neutral zone.
8:00 of 2nd period - Brandt Clarke is hit by Brad Lambert and loses puck.
8:18 of 2nd period - Minor Penalty to Ethan Del Mastro for Tripping.
8:19 of 2nd period - Rory Kerins wins face-off versus Victor Olofsson in Quebec Remparts zone.
8:34 of 2nd period - Snap shot by Adam Gaudette.
8:34 of 2nd period - Stopped by Sebastian Cossa without a rebound.
8:35 of 2nd period - Paul Cotter wins face-off versus Brad Lambert in Sarnia Sailors zone.
10:07 of 2nd period - Snap shot by Zachary L'Heureux.
10:07 of 2nd period - Shot Blocked by Artem Duda.
10:18 of 2nd period - Penalty to Ethan Del Mastro is over, Ethan Del Mastro is back on ice.
10:33 of 2nd period - Wrist shot by Logan Morrison.
10:33 of 2nd period - Shot Misses the Net.
10:47 of 2nd period - Snap shot by Nick Cousins.
10:47 of 2nd period - Goal by Nick Cousins - Quebec Remparts : 3 - Sarnia Sailors : 1.
10:48 of 2nd period - Rory Kerins wins face-off versus Sam Lafferty in neutral zone.
10:58 of 2nd period - Snap shot by Bradly Nadeau.
10:58 of 2nd period - Stopped by Sebastian Cossa with a rebound.
11:00 of 2nd period - Snap shot by Sam Lafferty.
11:00 of 2nd period - Shot Misses the Net.
11:02 of 2nd period - Slapshot by Artem Duda.
11:02 of 2nd period - Shot Misses the Net.
11:36 of 2nd period - Snap shot by Brad Lambert.
11:36 of 2nd period - Shot Misses the Net.
11:38 of 2nd period - Snap shot by Skyler Brind'Amour.
11:38 of 2nd period - Stopped by Devon Levi without a rebound.
11:39 of 2nd period - Kirby Dach wins face-off versus Arthur Kaliyev in Quebec Remparts zone.
11:50 of 2nd period - Snap shot by Paul Cotter.
11:50 of 2nd period - Deflect By Kirby Dach.
11:50 of 2nd period - Stopped by Sebastian Cossa with a rebound.
12:12 of 2nd period - Backhand shot by Fraser Minten.
12:12 of 2nd period - Shot Blocked by Jesse Puljujarvi.
12:14 of 2nd period - Snap shot by Kevin Rooney.
12:14 of 2nd period - Shot Misses the Net.
12:32 of 2nd period - Wrist shot by Logan Morrison.
12:32 of 2nd period - Stopped by Devon Levi without a rebound.
12:33 of 2nd period - Brad Lambert wins face-off versus Kirby Dach in Quebec Remparts zone.
12:36 of 2nd period - Snap shot by Arthur Kaliyev.
12:36 of 2nd period - Shot Misses the Net.
12:38 of 2nd period - Slapshot by Arthur Kaliyev.
12:38 of 2nd period - Shot Misses the Net.
12:40 of 2nd period - Wrist shot by Arthur Kaliyev.
12:40 of 2nd period - Stopped by Devon Levi with a rebound.
12:42 of 2nd period - Snap shot by Arthur Kaliyev.
12:42 of 2nd period - Shot Misses the Net.
12:58 of 2nd period - Kevin Rooney is hit by Zachary L'Heureux.
13:44 of 2nd period - Slapshot by Victor Olofsson.
13:44 of 2nd period - Stopped by Sebastian Cossa with a rebound.
14:20 of 2nd period - Slapshot by Jesse Puljujarvi.
14:20 of 2nd period - Shot Misses the Net.
14:22 of 2nd period - Snap shot by Jesse Puljujarvi.
14:22 of 2nd period - Stopped by Devon Levi without a rebound.
14:23 of 2nd period - Rory Kerins wins face-off versus Kirby Dach in Quebec Remparts zone.
14:48 of 2nd period - Snap shot by Bradly Nadeau.
14:48 of 2nd period - Shot Misses the Net.
14:50 of 2nd period - Snap shot by Artem Duda.
14:50 of 2nd period - Shot Misses the Net.
14:52 of 2nd period - Snap shot by Artem Duda.
14:52 of 2nd period - Shot Blocked by Nikolas Matinpalo.
14:54 of 2nd period - Slapshot by Artem Duda.
14:54 of 2nd period - Shot Blocked by Jesse Puljujarvi.
14:56 of 2nd period - Slapshot by Ethan Del Mastro.
14:56 of 2nd period - Deflect By Bradly Nadeau.
14:56 of 2nd period - Shot Blocked by Nikolas Matinpalo.
14:56 of 2nd period - Puck is out of play.
14:57 of 2nd period - Brad Lambert wins face-off versus Kevin Rooney in Sarnia Sailors zone.
14:57 of 2nd period - Brad Lambert is hit by Kevin Rooney.
15:42 of 2nd period - Nick Cousins is hit by Declan Chisholm and loses puck.
15:47 of 2nd period - Wrist shot by Samuel Walker.
15:47 of 2nd period - Stopped by Devon Levi with a rebound.
15:49 of 2nd period - Wrist shot by Nathan Gaucher.
15:49 of 2nd period - Stopped by Devon Levi with a rebound.
15:51 of 2nd period - Snap shot by Tristen Nielsen.
15:51 of 2nd period - Deflect By Sam Lafferty.
15:51 of 2nd period - Shot Blocked by Sam Lafferty.
15:51 of 2nd period - Puck is out of play.
15:52 of 2nd period - Brad Lambert wins face-off versus Kevin Rooney in Quebec Remparts zone.
16:01 of 2nd period - Snap shot by Arthur Kaliyev.
16:01 of 2nd period - Shot Blocked by Brandt Clarke.
16:03 of 2nd period - Slapshot by Tyson Hinds.
16:03 of 2nd period - Shot Misses the Net.
16:05 of 2nd period - Slapshot by Brad Lambert.
16:05 of 2nd period - Stopped by Devon Levi with a rebound.
16:19 of 2nd period - Snap shot by Zachary L'Heureux.
16:19 of 2nd period - Shot Blocked by Calvin de Haan.
16:45 of 2nd period - Slapshot by Brandt Clarke.
16:45 of 2nd period - Shot Misses the Net.
16:47 of 2nd period - Slapshot by Calvin de Haan.
16:47 of 2nd period - Stopped by Sebastian Cossa with a rebound.
16:49 of 2nd period - Wrist shot by Bradly Nadeau.
16:49 of 2nd period - Goal by Bradly Nadeau - Quebec Remparts : 4 - Sarnia Sailors : 1.
16:50 of 2nd period - Kevin Rooney wins face-off versus Brad Lambert in neutral zone.
17:01 of 2nd period - Wrist shot by Kevin Rooney.
17:01 of 2nd period - Shot Blocked by Nikolas Matinpalo.
17:03 of 2nd period - Slapshot by Fraser Minten.
17:03 of 2nd period - Shot Misses the Net.
17:08 of 2nd period - Minor Penalty to Skyler Brind'Amour for Hooking.
17:09 of 2nd period - Adam Gaudette wins face-off versus Rory Kerins in Sarnia Sailors zone.
17:13 of 2nd period - Wrist shot by Fraser Minten.
17:13 of 2nd period - Stopped by Sebastian Cossa without a rebound.
17:14 of 2nd period - Kevin Rooney wins face-off versus Rory Kerins in Sarnia Sailors zone.
17:23 of 2nd period - Slapshot by Fraser Minten.
17:23 of 2nd period - Shot Misses the Net.
17:25 of 2nd period - Snap shot by Kevin Rooney.
17:25 of 2nd period - Shot Misses the Net.
17:27 of 2nd period - Wrist shot by Adam Gaudette.
17:27 of 2nd period - Goal by Adam Gaudette - Quebec Remparts : 5 - Sarnia Sailors : 1.
17:28 of 2nd period - Kirby Dach wins face-off versus Brad Lambert in neutral zone.
17:30 of 2nd period - Off-side.
17:31 of 2nd period - Brad Lambert wins face-off versus Kirby Dach in neutral zone.
17:47 of 2nd period - Snap shot by Paul Cotter.
17:47 of 2nd period - Shot Blocked by Brad Lambert.
18:19 of 2nd period - Slapshot by Adam Gaudette.
18:19 of 2nd period - Stopped by Sebastian Cossa with a rebound.
18:45 of 2nd period - Slapshot by Nikolas Matinpalo.
18:45 of 2nd period - Stopped by Devon Levi without a rebound.
18:46 of 2nd period - Kirby Dach wins face-off versus Zachary L'Heureux in Quebec Remparts zone.
18:55 of 2nd period - Rory Kerins is hit by Kirby Dach.
19:20 of 2nd period - Wrist shot by Kirby Dach.
19:20 of 2nd period - Shot Blocked by Tristen Nielsen.
19:22 of 2nd period - Wrist shot by Victor Olofsson.
19:22 of 2nd period - Stopped by Sebastian Cossa with a rebound.
19:24 of 2nd period - Wrist shot by Kirby Dach.
19:24 of 2nd period - Shot Misses the Net.
19:28 of 2nd period - Snap shot by Kirby Dach.
19:28 of 2nd period - Stopped by Sebastian Cossa with a rebound.
19:30 of 2nd period - Snap shot by Victor Olofsson.
19:30 of 2nd period - Stopped by Sebastian Cossa without a rebound.
19:31 of 2nd period - Rory Kerins wins face-off versus Kevin Rooney in Sarnia Sailors zone.
19:31 of 2nd period - Rory Kerins is hit by Kevin Rooney.
19:47 of 2nd period - Snap shot by Jesse Puljujarvi.
19:47 of 2nd period - Stopped by Devon Levi without a rebound.
19:48 of 2nd period - Nick Cousins wins face-off versus Logan Morrison in Quebec Remparts zone.
19:53 of 2nd period - Wrist shot by Calvin de Haan.
19:53 of 2nd period - Shot Blocked by Nikolas Matinpalo.
19:54 of 2nd period - Nikolas Matinpalo beats up Bradly Nadeau.
19:54 of 2nd period - Penalty to Nikolas Matinpalo for Fighting.
19:54 of 2nd period - Penalty to Bradly Nadeau for Fighting.
19:55 of 2nd period - Kevin Rooney wins face-off versus Brad Lambert in Sarnia Sailors zone.
Goals for this period are 3 for Quebec Remparts vs 0 for Sarnia Sailors.
Shots for this period are 16 for Quebec Remparts vs 17 for Sarnia Sailors.

3rd period


0:01 of 3rd period - Brad Lambert wins face-off versus Nick Cousins in neutral zone.
0:16 of 3rd period - Wrist shot by Arthur Kaliyev.
0:16 of 3rd period - Shot Misses the Net.
0:49 of 3rd period - Slapshot by Logan Morrison.
0:49 of 3rd period - Stopped by Devon Levi with a rebound.
0:51 of 3rd period - Slapshot by Landon Slaggert.
0:51 of 3rd period - Shot Blocked by Jorian Donovan.
0:53 of 3rd period - Slapshot by Declan Chisholm.
0:53 of 3rd period - Deflect By Logan Morrison.
0:53 of 3rd period - Stopped by Devon Levi without a rebound.
0:54 of 3rd period - Logan Morrison wins face-off versus Kirby Dach in Quebec Remparts zone.
1:21 of 3rd period - Jorian Donovan is hit by Adam Ginning.
1:31 of 3rd period - Skyler Brind'Amour is hit by Fraser Minten and loses puck.
1:44 of 3rd period - Rory Kerins is hit by Sam Lafferty.
1:49 of 3rd period - Minor Penalty to Zachary L'Heureux for Tripping.
1:50 of 3rd period - Kirby Dach wins face-off versus Rory Kerins in Sarnia Sailors zone.
1:51 of 3rd period - Wrist shot by Paul Cotter.
1:51 of 3rd period - Stopped by Sebastian Cossa with a rebound.
1:53 of 3rd period - Slapshot by Artem Duda.
1:53 of 3rd period - Deflect By Rory Kerins.
1:53 of 3rd period - Goal by Artem Duda - Quebec Remparts : 6 - Sarnia Sailors : 1.
1:54 of 3rd period - Brad Lambert wins face-off versus Kirby Dach in neutral zone.
1:57 of 3rd period - Slapshot by Declan Chisholm.
1:57 of 3rd period - Stopped by Devon Levi without a rebound.
1:58 of 3rd period - Kirby Dach wins face-off versus Brad Lambert in Quebec Remparts zone.
2:02 of 3rd period - Off-side.
2:03 of 3rd period - Brad Lambert wins face-off versus Kirby Dach in neutral zone.
2:06 of 3rd period - Slapshot by Brad Lambert.
2:06 of 3rd period - Stopped by Devon Levi without a rebound.
2:07 of 3rd period - Brad Lambert wins face-off versus Nick Cousins in Quebec Remparts zone.
2:10 of 3rd period - Snap shot by Arthur Kaliyev.
2:10 of 3rd period - Stopped by Devon Levi without a rebound.
2:11 of 3rd period - Skyler Brind'Amour wins face-off versus Nick Cousins in Quebec Remparts zone.
2:32 of 3rd period - Minor Penalty to Jorian Donovan for Tripping.
2:33 of 3rd period - Brad Lambert wins face-off versus Victor Olofsson in Quebec Remparts zone.
2:36 of 3rd period - Slapshot by Brad Lambert.
2:36 of 3rd period - Deflect By Arthur Kaliyev.
2:36 of 3rd period - Goal by Arthur Kaliyev - Quebec Remparts : 6 - Sarnia Sailors : 2.
2:37 of 3rd period - Kirby Dach wins face-off versus Brad Lambert in neutral zone.
3:02 of 3rd period - Ethan Del Mastro is hit by Declan Chisholm and loses puck.
3:23 of 3rd period - Calvin de Haan is hit by Cole Reinhardt and loses puck.
3:50 of 3rd period - Snap shot by Tristen Nielsen.
3:50 of 3rd period - Shot Blocked by Brandt Clarke.
5:56 of 3rd period - Icing by Zachary L'Heureux.
5:57 of 3rd period - Nick Cousins wins face-off versus Zachary L'Heureux in Sarnia Sailors zone.
6:14 of 3rd period - Jesse Puljujarvi is hit by Calvin de Haan and loses puck.
6:27 of 3rd period - Slapshot by Sam Lafferty.
6:27 of 3rd period - Stopped by Sebastian Cossa with a rebound.
6:29 of 3rd period - Wrist shot by Ethan Del Mastro.
6:29 of 3rd period - Stopped by Sebastian Cossa without a rebound.
6:30 of 3rd period - Kirby Dach wins face-off versus Brad Lambert in Sarnia Sailors zone.
6:37 of 3rd period - Backhand shot by Paul Cotter.
6:37 of 3rd period - Stopped by Sebastian Cossa with a rebound.
6:39 of 3rd period - Snap shot by Paul Cotter.
6:39 of 3rd period - Shot Blocked by Erik Brannstrom.
6:41 of 3rd period - Slapshot by Victor Olofsson.
6:41 of 3rd period - Stopped by Sebastian Cossa without a rebound.
6:42 of 3rd period - Brad Lambert wins face-off versus Paul Cotter in Sarnia Sailors zone.
7:14 of 3rd period - Slapshot by Jesse Puljujarvi.
7:14 of 3rd period - Stopped by Devon Levi with a rebound.
7:16 of 3rd period - Wrist shot by Jesse Puljujarvi.
7:16 of 3rd period - Stopped by Devon Levi with a rebound.
7:18 of 3rd period - Wrist shot by Declan Chisholm.
7:18 of 3rd period - Stopped by Devon Levi with a rebound.
7:20 of 3rd period - Snap shot by Zachary L'Heureux.
7:20 of 3rd period - Stopped by Devon Levi without a rebound.
7:21 of 3rd period - Logan Morrison wins face-off versus Kirby Dach in Quebec Remparts zone.
7:25 of 3rd period - Tyson Hinds beats up Kirby Dach.
7:25 of 3rd period - Penalty to Tyson Hinds for Fighting.
7:25 of 3rd period - Penalty to Kirby Dach for Fighting.
7:26 of 3rd period - Brad Lambert wins face-off versus Nick Cousins in Quebec Remparts zone.
7:30 of 3rd period - Minor Penalty to Brandt Clarke for Interference.
7:31 of 3rd period - Victor Olofsson wins face-off versus Brad Lambert in Quebec Remparts zone.
7:31 of 3rd period - Victor Olofsson is hit by Nikolas Matinpalo.
7:42 of 3rd period - Slapshot by Brad Lambert.
7:42 of 3rd period - Shot Misses the Net.
7:44 of 3rd period - Snap shot by Arthur Kaliyev.
7:44 of 3rd period - Stopped by Devon Levi without a rebound.
7:45 of 3rd period - Brad Lambert wins face-off versus Victor Olofsson in Quebec Remparts zone.
8:51 of 3rd period - Erik Brannstrom is hit by Sam Lafferty.
9:01 of 3rd period - Slapshot by Calvin de Haan.
9:01 of 3rd period - Shot Blocked by Adam Ginning.
9:15 of 3rd period - Ethan Del Mastro is hit by Arthur Kaliyev and loses puck.
9:26 of 3rd period - Adam Ginning is hit by Bradly Nadeau and loses puck.
9:30 of 3rd period - Penalty to Brandt Clarke is over, Brandt Clarke is back on ice.
9:33 of 3rd period - Snap shot by Brandt Clarke.
9:33 of 3rd period - Shot Blocked by Erik Brannstrom.
9:35 of 3rd period - Snap shot by Brandt Clarke.
9:35 of 3rd period - Shot Misses the Net.
9:37 of 3rd period - Slapshot by Ethan Del Mastro.
9:37 of 3rd period - Stopped by Sebastian Cossa without a rebound.
9:38 of 3rd period - Logan Morrison wins face-off versus Dalibor Dvorsky in Sarnia Sailors zone.
9:53 of 3rd period - Backhand shot by Declan Chisholm.
9:53 of 3rd period - Stopped by Devon Levi without a rebound.
9:54 of 3rd period - Brad Lambert wins face-off versus Nick Cousins in Quebec Remparts zone.
10:40 of 3rd period - Slapshot by Dalibor Dvorsky.
10:40 of 3rd period - Goal by Dalibor Dvorsky - Quebec Remparts : 7 - Sarnia Sailors : 2.
10:41 of 3rd period - Kevin Rooney wins face-off versus Brad Lambert in neutral zone.
10:56 of 3rd period - Skyler Brind'Amour is hit by Adam Gaudette and loses puck.
11:07 of 3rd period - Paul Cotter is hit by Zachary L'Heureux and loses puck.
11:23 of 3rd period - Icing by Rory Kerins.
11:24 of 3rd period - Rory Kerins wins face-off versus Dalibor Dvorsky in Sarnia Sailors zone.
12:32 of 3rd period - Declan Chisholm is hit by Bradly Nadeau and loses puck.
13:37 of 3rd period - Backhand shot by Kirby Dach.
13:37 of 3rd period - Shot Hit the Post.
13:55 of 3rd period - Jeremie Poirier is hit by Dalibor Dvorsky and loses puck.
14:25 of 3rd period - Slapshot by Arthur Kaliyev.
14:25 of 3rd period - Stopped by Devon Levi with a rebound.
14:37 of 3rd period - Snap shot by Victor Olofsson.
14:37 of 3rd period - Shot Blocked by Adam Ginning.
14:41 of 3rd period - Snap shot by Kirby Dach.
14:41 of 3rd period - Stopped by Sebastian Cossa with a rebound.
14:48 of 3rd period - Icing by Adam Ginning.
14:49 of 3rd period - Rory Kerins wins face-off versus Kevin Rooney in Sarnia Sailors zone.
15:04 of 3rd period - Snap shot by Brad Lambert.
15:04 of 3rd period - Shot Misses the Net.
15:57 of 3rd period - Slapshot by Jordan Dumais.
15:57 of 3rd period - Stopped by Sebastian Cossa with a rebound.
15:59 of 3rd period - Slapshot by Marc Staal.
15:59 of 3rd period - Stopped by Sebastian Cossa with a rebound.
16:03 of 3rd period - Wrist shot by Jordan Dumais.
16:03 of 3rd period - Shot Blocked by Nikolas Matinpalo.
16:05 of 3rd period - Wrist shot by Dalibor Dvorsky.
16:05 of 3rd period - Shot Misses the Net.
16:47 of 3rd period - Snap shot by Sam Lafferty.
16:47 of 3rd period - Stopped by Sebastian Cossa without a rebound.
16:48 of 3rd period - Kirby Dach wins face-off versus Brad Lambert in Sarnia Sailors zone.
17:34 of 3rd period - Snap shot by Nick Cousins.
17:34 of 3rd period - Stopped by Sebastian Cossa without a rebound.
17:35 of 3rd period - Nathan Gaucher wins face-off versus Nick Cousins in Sarnia Sailors zone.
18:00 of 3rd period - Wrist shot by Erik Brannstrom.
18:00 of 3rd period - Deflect By Nathan Gaucher.
18:00 of 3rd period - Stopped by Devon Levi without a rebound.
18:01 of 3rd period - Brad Lambert wins face-off versus Kirby Dach in Quebec Remparts zone.
18:12 of 3rd period - Wrist shot by Victor Olofsson.
18:12 of 3rd period - Deflect By Kirby Dach.
18:12 of 3rd period - Shot Misses the Net.
18:12 of 3rd period - Puck is out of play.
18:13 of 3rd period - Adam Gaudette wins face-off versus Brad Lambert in Sarnia Sailors zone.
18:22 of 3rd period - Wrist shot by Adam Gaudette.
18:22 of 3rd period - Shot Misses the Net.
18:24 of 3rd period - Slapshot by Calvin de Haan.
18:24 of 3rd period - Shot Misses the Net.
18:26 of 3rd period - Backhand shot by Brandt Clarke.
18:26 of 3rd period - Deflect By Fraser Minten.
18:26 of 3rd period - Stopped by Sebastian Cossa with a rebound.
18:38 of 3rd period - Brandt Clarke is hit by Jesse Puljujarvi and loses puck.
18:51 of 3rd period - Kirby Dach is hit by Zachary L'Heureux.
19:26 of 3rd period - Snap shot by Dalibor Dvorsky.
19:26 of 3rd period - Shot Blocked by Adam Ginning.
19:30 of 3rd period - Wrist shot by Maros Jedlicka.
19:30 of 3rd period - Goal by Maros Jedlicka - Quebec Remparts : 8 - Sarnia Sailors : 2.
19:31 of 3rd period - Kevin Rooney wins face-off versus Arthur Kaliyev in neutral zone.
Goals for this period are 3 for Quebec Remparts vs 1 for Sarnia Sailors.
Shots for this period are 15 for Quebec Remparts vs 14 for Sarnia Sailors.